 Dungeon Crawl Stone Soup version 0.17.0-22-g5edae84 (webtiles) character file.

39 JudasIscariot the Grave Robber (level 3, 0/24 HPs)
             Began as a Demonspawn Necromancer on Nov 12, 2015.
             Slain by an adder (3 damage)
             ... on level 2 of the Dungeon.
             The game lasted 00:09:07 (1369 turns).

JudasIscariot the Grave Robber (DsNe)               Turns: 1369, Time: 00:09:07

Health: 0/24       AC:  2    Str:  8    XL:     3   Next: 26%
Magic:  0/6        EV: 12    Int: 20    God:
Gold:   70         SH:  0    Dex: 13    Spells: 2 memorised, 4 levels left

rFire  . . .     SeeInvis .     n - +0 whip
rCold  . . .     Clarity  .     q - +0 robe
rNeg   + . .     SustAt   .     (no shield)
rPois  .         Gourm    .     (no helmet)
rElec  .         Spirit   .     (no cloak)
rCorr  .         Warding  +     (no gloves)
rMut   .         Stasis   .     (no boots)
MR     .....                    p - amulet of warding
Stlth  +++.......               (no ring)
                                m - +3 ring of intelligence

@: lethally poisoned (0 -> -5), not resistant to hostile enchantments, fairly
stealthy
A: claws 1, nightstalker 1
a: no special abilities


You were on level 2 of the Dungeon.
You were not hungry.

You visited 1 branch of the dungeon, and saw 2 of its levels.

You collected 70 gold pieces.

Inventory:

Hand Weapons
 i - a +0 short sword
 n - a +0 whip (weapon)
Armour
 a - a +0 robe
 o - a +0 robe
 q - a +0 robe (worn)
Jewellery
 m - a +3 ring of intelligence (left claw)
 p - an amulet of warding (around neck)
Scrolls
 d - a scroll of remove curse {unknown}
 g - 3 scrolls of amnesia {unknown}
 h - a scroll of fear {unknown}
 k - a scroll of enchant armour {unknown}
 l - 2 scrolls of identify {unknown}
Potions
 e - a potion of curing
 f - a potion of degeneration {unknown}
Books
 b - a book of Necromancy

   Spells                             Type                      Level
   a - Pain                           Necromancy                   1
   b - Animate Skeleton               Necromancy                   1
   c - Vampiric Draining              Necromancy                   3
   d - Regeneration                   Charms/Necromancy            3
   e - Animate Dead                   Necromancy                   4
   f - Control Undead                 Necromancy                   4
Comestibles
 c - a bread ration
 j - 2 fruits
 r - a meat ration
 s - a slice of pizza
 t - 2 chunks of flesh


   Skills:
 + Level 0.2 Fighting
 * Level 2.1 Dodging
 + Level 2.0 Stealth
 * Level 2.2 Spellcasting
 * Level 5.1 Necromancy


You had 4 spell levels left.
You knew the following spells:

 Your Spells              Type           Power        Failure   Level  Hunger
a - Pain                  Necr           ###.         1%          1    #......
b - Animate Skeleton      Necr           N/A          1%          1    #......


Dungeon Overview and Level Annotations

Branches:
Dungeon (2/15)

Altars:
Sif Muna


Innate Abilities, Weirdness & Mutations

You have sharp fingernails.
You are slightly more attuned to the shadows.


Message History

The adder is almost dead.
The adder barely misses you.
Your jackal skeleton closely misses the jackal.
The jackal bites your jackal skeleton. The adder barely misses you.
Your jackal skeleton barely misses the jackal.
You barely miss the adder.
The adder is almost dead.
The jackal bites your jackal skeleton. The adder bites you.
* * * LOW HITPOINT WARNING * * *
Your jackal skeleton closely misses the jackal.
The jackal bites your jackal skeleton.
You hit the adder but do no damage.
The adder is almost dead.
The adder bites you.
* * * LOW HITPOINT WARNING * * *
You are lethally poisoned!
The adder poisons you! The jackal bites your jackal skeleton.
Your jackal skeleton bites the jackal but does no damage.
The adder bites you.
You die...

<................
.................
..................#
#.................#
..................#......
#.###.............#......
.......#.#........#......
.........#.###....#......
....####.#.###..@h#......
#.#.# #.#......ZS.......
#.#.# #.#####...........
#.#.# #.# #####.######
#.#.# #.# #.#.# #.# #.#.#
#.# #.#.# #.# # ..## #.#


You could see an adder, a jackal and a friendly jackal skeleton.

Vanquished Creatures
  An adder (D:2)
  A worm (D:2)
  A giant gecko (D:1)
  3 bats
  3 giant cockroaches
  4 hobgoblins
  3 jackals (D:2)
  A ball python (D:1)
  2 giant newts
  A goblin (D:1)
  2 kobolds
  2 rats (D:1)
24 creatures vanquished.

Vanquished Creatures (collateral kills)
  A kobold (D:1)
  A giant cockroach (D:2)
2 creatures vanquished.

Grand Total: 26 creatures vanquished

Notes
Turn   | Place    | Note
--------------------------------------------------------------
     0 | D:1      | JudasIscariot the Demonspawn Necromancer began the quest for the Orb.
     0 | D:1      | Reached XP level 1. HP: 13/13 MP: 3/3
    71 | D:1      | Learned a level 1 spell: Animate Skeleton
   175 | D:1      | Gained mutation: You have sharp fingernails. [demonic ancestry]
   175 | D:1      | Reached XP level 2. HP: 16/19 MP: 0/5
   875 | D:2      | Found a deep blue altar of Sif Muna.
  1080 | D:2      | Reached skill level 5 in Necromancy
  1080 | D:2      | Gained mutation: You are slightly more attuned to the shadows. [demonic ancestry]
  1080 | D:2      | Reached XP level 3. HP: 17/24 MP: 2/6
  1369 | D:2      | Slain by an adder

Action                   || total
-------------------------++-------
Melee: Unarmed           ||     1
       Short sword       ||    27
       Whip              ||    24
 Cast: Pain              ||    40
       Animate Skeleton  ||     8
  Use: Potion            ||     1
  Eat: Chunk             ||     1
       Fruit             ||     1
